 Dungeon Crawl Stone Soup version 0.25-a0-635-g0c6c292ef3 (webtiles) character file.

Game seed: 595125094260584620, levelgen mode: deterministic

75 kae the Chopper (level 4, -1/41 HPs)
             Began as a Hill Orc Fighter on Mar 20, 2020.
             Slain by Natasha (5 damage)
             ... on level 2 of the Dungeon.
             The game lasted 00:01:39 (1396 turns).

kae the Chopper (Hill Orc Fighter)                  Turns: 1396, Time: 00:01:40

Health: -1/41      AC: 10    Str: 19    XL:     4   Next: 31%
Magic:  4/4        EV:  7    Int:  8    God:
Gold:   108        SH:  9    Dex: 13    Spells: 3/3 levels left

rFire    . . .     SeeInvis .   a - +0 war axe
rCold    . . .     Gourm    .   c - +0 kite shield
rNeg     . . .     Faith    +   b - +0 scale mail
rPois    .         Spirit   .   j - +1 hat
rElec    .         Reflect  .   (no cloak)
rCorr    .         Harm     .   n - +0 pair of gloves {Dex+3}
MR       .....                  h - +0 pair of boots
Stlth    ..........             g - amulet of faith
HPRegen  0.13/turn              (no ring)
MPRegen  0.09/turn              (no ring)

@: slowed, very slow
A: no striking features
a: no special abilities


You were on level 2 of the Dungeon.
You were hungry.

You visited 1 branch of the dungeon, and saw 2 of its levels.

You collected 108 gold pieces.

Inventory:

Hand Weapons
 a - a +0 war axe (weapon)
Armour
 b - a +0 scale mail (worn)
 c - a +0 kite shield (worn)
 h - a +0 pair of boots (worn)
 j - a +1 hat (worn)
 n - a +0 pair of gloves of dexterity (worn)
Jewellery
 g - an amulet of faith (around neck)
Scrolls
 e - 2 scrolls of teleportation
 l - a scroll of remove curse
 p - a scroll of fog
Potions
 d - a potion of might
 i - 2 potions of degeneration {unknown}
 k - a potion of curing {unknown}
 o - a potion of heal wounds {unknown}
 q - a potion of resistance {unknown}
Comestibles
 f - 2 rations


   Skills:
 + Level 4.5 Fighting
 * Level 5.1 Axes
 - Level 3.2 Armour
 - Level 3.2 Shields


You had 3 spell levels left.
You didn't know any spells.
Your spell library was empty.

Dungeon Overview and Level Annotations

Branches:
Dungeon (2/15)

Altars:
Kikubaaqudgha

Annotations:
D:2 Natasha


Message History

The white imp gestures at you. The puff of frost hits you.
The shadow imp hits you but does no damage.
Natasha claws you but does no damage.
You barely miss Natasha.
Natasha is moderately wounded.
You hit the shadow imp. You hit the white imp but do no damage.
You block the white imp's attack.
The shadow imp hits you but does no damage.
Natasha claws you. You block the white imp's attack.
The shadow imp closely misses you. Natasha claws you but does no damage.
You closely miss Natasha.
Natasha is moderately wounded.
You hit the shadow imp but do no damage.
You hit the white imp but do no damage. The white imp closely misses you.
The shadow imp gestures at you. Pain shoots through your body!
* * * LOW HITPOINT WARNING * * *
Natasha claws you.
You die...

.......#########
.#.#...........
.#...##....########
.#<...†...........##
...................
.#....########..#'##
.#....# ##.........#
.#..#####....#.5h5.#####
............#.#.@.......
....######.#._.#...#####
##########..#.#...##
#####........#....#
.................##
..(.......########
..........# ###
..........# #..
..^.......# #..


You could see Natasha, a white imp and a shadow imp.

Vanquished Creatures
  Natasha (D:2)
  2 worms (D:2)
  2 dart slugs
  2 leopard geckos (D:1)
  3 giant cockroaches
  5 goblins
  5 hobgoblins
  4 kobolds
  2 quokkas (D:2)
  2 ball pythons (D:1)
  6 bats (D:1)
  5 rats
39 creatures vanquished.

Notes
Turn   | Place    | Note
-------+----------+-------------------------------------------
     0 | D:1      | kae the Hill Orc Fighter began the quest for the Orb.
     0 | D:1      | Reached XP level 1. HP: 19/19 MP: 1/1
    52 | D:1      | Reached skill level 3 in Axes
   136 | D:1      | Reached XP level 2. HP: 23/27 MP: 2/2
   280 | D:1      | Reached skill level 4 in Axes
   281 | D:1      | Reached XP level 3. HP: 31/33 MP: 3/3
   574 | D:2      | Found a faded altar of an unknown god.
   953 | D:2      | Noticed Natasha
   971 | D:2      | Killed Natasha
   971 | D:2      | Reached skill level 5 in Axes
   971 | D:2      | Reached XP level 4. HP: 10/41 MP: 4/4
  1237 | D:2      | Found an ancient bone altar of Kikubaaqudgha.
  1382 | D:2      | Noticed Natasha
  1396 | D:2      | Slain by Natasha

Levels and vault maps discovered:
D:1:      sevenhm_arrival_forest_fort_small_4, layout_rooms, serial_bayou_pond_e
D:2:      layout_basic, old_standard_altar,
          chequers_ecumenical_altar_simple_redux, kennysheep_cross_bottleneck,
          uniq_natasha

Skill      XL: |  1  2  3 |
---------------+----------+-----
Axes           | 3 4 5 |  5.1
Fighting       | 4 |  4.5
Armour         | |  3.2
Shields        | |  3.2

Action                   |  1- 3 |  4- 6 || total
-------------------------+-------+-------++-------
Melee: War axe           |   100 |    20 ||   120
  Use: Scroll            |     6 |       ||     6
  Eat: Chunk             |       |     1 ||     1
Armor: Scale mail        |    55 |    14 ||    69
Dodge: Dodged            |    41 |     8 ||    49
Block: Kite shield       |    68 |    11 ||    79

Table legend:
 A = Non-vault XP
 B = Vault XP
 C = Vault XP percentage of total XP
 D = Non-vault monster count
 E = Vault monster count
 F = Vault count percentage of total count
                 A         B        C        D         E       F
            +---------+---------+-------+---------+---------+-------
      Total |      73 |      35 |  32.4 |      38 |       1 |   2.6
            +---------+---------+-------+---------+---------+-------
        D:1 |      42 |       0 |   0.0 |      24 |       0 |   0.0
        D:2 |      31 |      35 |  53.0 |      14 |       1 |   6.7
            +---------+---------+-------+---------+---------+-------
